 Dungeon Crawl Stone Soup version 0.18.1-5-g4a78601 (webtiles) character file.

119 dorian the Insei (level 4, 0/35 HPs)
             Began as a Draconian Transmuter on May 9, 2016.
             Slain by an ogre
             ... wielding a +0 giant spiked club
              (13 damage)
             ... on level 3 of the Dungeon.
             The game lasted 00:04:09 (2673 turns).

dorian the Insei (Draconian Transmuter)             Turns: 2673, Time: 00:04:09

Health: 0/35       AC:  6    Str: 12    XL:     4   Next: 73%
Magic:  6/7        EV: 10    Int: 14    God:
Gold:   107        SH:  0    Dex: 12    Spells: 1 memorised, 6 levels left

rFire  . . .     SeeInvis .       - Unarmed
rCold  . . .     Gourm    .     (armour unavailable)
rNeg   . . .     Faith    .     (no shield)
rPois  .         Spirit   .     (helmet restricted)
rElec  .         Dismiss  .     y - +0 cloak
rCorr  .         Reflect  .     (no gloves)
SustAt .         Harm     .     (no boots)
MR     .....                    (no amulet)
Stlth  +.........               (no ring)
                                f - -2 ring of evasion (curse)

@: appendage (expiring), not resistant to hostile enchantments, very unstealthy
A: unfitting armour, horns 2, cold-blooded, AC +5
a: End Transformation


You were on level 3 of the Dungeon.
You were not hungry.
You had grown temporary horns.
You visited 1 branch of the dungeon, and saw 3 of its levels.

You collected 107 gold pieces.

Inventory:

Missiles
 a - 12 arrows
 z - 5 tomahawks (quivered)
Armour
 y - a +0 cloak (worn)
Jewellery
 f - a cursed -2 ring of evasion (left hand)
Scrolls
 d - 2 scrolls of identify {unknown}
 e - a scroll of amnesia {unknown}
 g - 2 scrolls of remove curse {unknown}
 h - a scroll of recharging {unknown}
 j - a scroll of noise {unknown}
 r - a scroll of fog {unknown}
 u - a scroll of enchant weapon {unknown}
 w - a scroll of magic mapping {unknown}
Potions
 i - a potion of heal wounds {unknown}
 l - a potion of ambrosia {unknown}
 m - a potion of might {unknown}
 n - a potion of degeneration {unknown}
 o - a potion of flight {unknown}
 p - a potion of cancellation {unknown}
 q - a potion of curing {unknown}
 s - a potion of beneficial mutation {unknown}
 t - a potion of haste {unknown}
 A - a potion of lignification {unknown}
Books
 b - a book of Changes

   Spells                             Type                      Level
   a - Beastly Appendage              Transmutation                1
   b - Sticks to Snakes               Transmutation                2
   c - Spider Form                    Transmutation/Poison         3
   d - Ice Form                       Ice/Transmutation            4
   e - Blade Hands                    Transmutation                5
Comestibles
 c - 3 bread rations
 k - a royal jelly
 v - 2 beef jerkies
 x - 8 chunks of flesh


   Skills:
 - Level 1.1 Fighting
 - Level 1.7 Dodging
 * Level 5.3 Unarmed Combat
 - Level 2.0 Spellcasting
 - Level 2.4 Transmutations


You had 6 spell levels left.
You knew the following spells:

 Your Spells              Type           Power        Failure   Level  Hunger
a - Beastly Appendage     Trmt           #.....       12%         1    ##.....


Dungeon Overview and Level Annotations

Branches:
Dungeon (3/15)

Altars:
Nemelex Xobeh


Innate Abilities, Weirdness & Mutations

Your plain brown scales are hard (AC +5).
Your body does not fit into most forms of armour.
You are cold-blooded and may be slowed by cold attacks.
You have a pair of horns on your head.


Message History

No target in view!
Your transformation is almost over.
A - a sapphire potion An ogre comes into view.
It is wielding a giant spiked club.
The ogre shouts!
Casting: Beastly Appendage
Confirm with . or Enter, or press ? or * to list all spells.
You extend your transformation's duration.
You closely miss the ogre.
The ogre hits you with a giant spiked club!
You hit the ogre. You headbutt the ogre.
Your tail-slap misses the ogre.
The ogre is moderately wounded.
The ogre hits you with a giant spiked club.
You barely miss the ogre.
The ogre is moderately wounded.
Your transformation is almost over.
You hit the ogre. You headbutt the ogre.
The ogre is heavily wounded.
The ogre hits you with a giant spiked club!
You die...

.. .. .. .# #.#. ..
#.#.######.#
##.#........#
##O#......)..#
##@###........## #.##
##........#
#######.###.........#
.........#....<.....#
#########.#...))....#
#.....#.###.#
#...........#
#.......###.#
#.#.#.### #.#


You could see an ogre.

Vanquished Creatures
  Crazy Yiuf (D:2)
  2 adders
  2 dart slugs (D:2)
  A giant gecko (D:1)
  6 orcs (D:3)
  5 bats
  2 giant cockroaches
  8 goblins
  2 hobgoblins
  8 jackals
  9 kobolds
  A quokka (D:2)
  A ball python (D:2)
  4 giant newts
  6 rats
58 creatures vanquished.

Notes
Turn   | Place    | Note
--------------------------------------------------------------
     0 | D:1      | dorian the Draconian Transmuter began the quest for the Orb.
     0 | D:1      | Reached XP level 1. HP: 16/16 MP: 3/3
    75 | D:1      | Reached XP level 2. HP: 19/23 MP: 5/5
   851 | D:2      | Reached XP level 3. HP: 23/28 MP: 6/6
   857 | D:2      | Reached skill level 4 in Unarmed Combat
  1397 | D:2      | Found a sparkling altar of Nemelex Xobeh.
  1628 | D:2      | Noticed Crazy Yiuf
  1636 | D:2      | Killed Crazy Yiuf
  1636 | D:2      | Reached XP level 4. HP: 23/35 MP: 5/7
  1963 | D:3      | Reached skill level 5 in Unarmed Combat
  2667 | D:3      | Noticed an ogre
  2673 | D:3      | Slain by an ogre

Skill      XL: |  1  2  3  4 |
---------------+-------------+-----
Unarmed Combat | 4 5 |  5.3
Fighting       | |  1.1
Dodging        | |  1.7
Spellcasting   | |  2.0
Transmutations | |  2.4

Action                   |  1- 3 |  4- 6 || total
-------------------------+-------+-------++-------
Melee: Unarmed           |   149 |    62 ||   211
       Tailslap          |    13 |     3 ||    16
       Punch             |     1 |       ||     1
       Headbutt          |     3 |     3 ||     6
       Kick              |     3 |     1 ||     4
 Cast: Beastly Appendage |     2 |     5 ||     7
 Stab: Distracted        |     1 |       ||     1
       Sleeping          |       |     1 ||     1
  Eat: Chunk             |     2 |     4 ||     6
Armor: Skin              |    58 |    12 ||    70
Dodge: Dodged            |    73 |    24 ||    97
